 Dungeon Crawl Stone Soup version 0.28-a0-1199-gef9e1dbd39 (webtiles) character file.

Game seed: 4704672542636857635

6 jtrev the Cudgeller (level 1, 0/14 HPs)
             Began as a Gargoyle Berserker on Dec 19, 2021.
             Was a Follower of Trog.
             Slain by a jackal (3 damage)
             ... on level 1 of the Dungeon.
             The game lasted 00:00:22 (195 turns).

jtrev the Cudgeller (Gargoyle Berserker)             Turns: 195, Time: 00:00:23

Health: 0/14       AC:  4    Str: 20    XL:     1   Next: 90%
Magic:  1/1        EV: 11    Int:  7    God:    Trog [*.....]
Gold:   0          SH:  0    Dex:  9    Spells: 0/0 levels left

rFire   . . .      SeeInvis .   a - +0 mace
rCold   . . .      Faith    .   (no shield)
rNeg    + . .      Spirit   .   b - +0 animal skin
rPois   ∞          Reflect  .   (no helmet)
rElec   +          Harm     .   (no cloak)
rCorr   .          Rampage  .   (no gloves)
Will    .....                   (no boots)
Stlth   +.........              (no amulet)
HPRegen 0.04/turn               (no ring)
MPRegen 0.07/turn               (no ring)

@: no status effects
A: sickness immunity, AC +2, negative energy resistance 1, electricity
resistance, torment resistance 1, petrification resistance
a: Renounce Religion, Berserk


You were on level 1 of the Dungeon.
You worshipped Trog.
Trog was aware of your devotion.
You visited 1 branch of the dungeon, and saw 1 of its levels.

Inventory:

Hand Weapons
 a - a +0 mace (weapon)
Armour
 b - a +0 animal skin (worn)


   Skills:
 - Level 3.2 Fighting
 + Level 3.4 Maces & Flails
 - Level 2.1 Armour
 - Level 1.5 Dodging


You couldn't memorise any spells.
You didn't know any spells.
Your spell library was empty.

Dungeon Overview and Level Annotations

Branches:
Dungeon (1/15)

Altars:


Innate Abilities, Weirdness & Mutations

You are immune to sickness and miasma.
Your stone body is resilient. (AC +2)
You are immune to poison.
You resist negative energy. (rN+)
You are resistant to electric shocks. (rElec)
You are resistant to unholy torment.
You are immune to petrification.


Message History

A rat comes into view.
A rat is nearby!
The rat closely misses you.
You barely miss the rat. The rat bites you but does no damage.
You hit the rat.
You kill the rat!
Trog accepts your kill.
No target in view!
Found a faded altar of an unknown god.
Found a stone staircase leading down.
A frilled lizard comes into view.
The frilled lizard hisses angrily.
The frilled lizard moves out of view.
There is a stone staircase leading down here.
A frilled lizard is nearby!
You thump the frilled lizard!
You kill the frilled lizard!
Trog accepts your kill.
No target in view!
You open the door. 2 jackals come into view.
The jackal barks! x2; You hear a bark!
A jackal comes into view.
There are monsters nearby!
You closely miss the jackal. The jackal barely misses you.
You closely miss the jackal.
The jackal bites you but does no damage.
You closely miss the jackal. The jackal bites you.
The jackal barely misses you. The jackal closely misses you.
The jackal bites you but does no damage. x2
You hit the jackal. The jackal barely misses you. The jackal bites you.
The jackal barely misses you. x2
You barely miss the jackal.
The jackal bites you but does no damage. x3
The jackal barely misses you. x2
You sock the jackal!
You kill the jackal!
Trog accepts your kill. The jackal bites you. x2
The jackal bites you but does no damage.
The jackal closely misses you.
You miss the jackal. The jackal bites you.
* * * LOW HITPOINT WARNING * * *
The jackal barely misses you. x2
The jackal bites you but does no damage.
Unknown command.
The jackal bites you.
* * * LOW HITPOINT WARNING * * *
The jackal bites you.
You die...

#.# #.##############.###.### #.#
#.# #..._..........# #.#
#.#.#####.######.###.#.#
#.########.#............#.#...#.#
...........................>#.#.#
#...........####.......##.#.#.#.#
#...........# #............#.#.#
#...........# #......###.#####.#
#..#........# #@h....# ### ###
#..#........# #h.....#
#.##........# #......# #.
.......... ###'#### #.# ... ....
#..... ##+###


You could see 2 jackals.

Vanquished Creatures
  A jackal (D:1)
  A quokka (D:1)
  A ball python (D:1)
  A bat (D:1)
  A frilled lizard (D:1)
  2 rats (D:1)
7 creatures vanquished.

Notes
Turn   | Place    | Note
-------+----------+-------------------------------------------
     0 | D:1      | jtrev the Gargoyle Berserker began the quest for the Orb.
     0 | D:1      | Reached XP level 1. HP: 14/14 MP: 1/1
   114 | D:1      | Found a faded altar of an unknown god.
   195 | D:1      | Slain by a jackal

Illustrated notes

Levels and vault maps discovered:
D:1:      lightli_arrival_maybe_door_vault, layout_basic,
          basic_ecumenical_altar, nrook_uturn

Action                   || total
-------------------------++-------
Melee: Mace              ||    15
Armor: Animal skin       ||    11
Dodge: Dodged            ||    16

Table legend: (Time is in decaauts)
 A = Elapsed time spent in this place.
 B = Non-inter-level travel time spent in this place.
 C = Inter-level travel time spent in this place.
 D = Time resting spent in this place.
 E = Time spent auto-exploring this place.
 F = Levels seen in this place.
 G = Mean time per level.
                   A        B        C        D        E       F      G
               +--------+--------+--------+--------+--------+-----+--------+
         Total |    198 |    198 |      0 |      0 |    157 |   1 |  198.0 |
       Dungeon |    198 |    198 |      0 |      0 |    157 |   1 |  198.0 |
               +--------+--------+--------+--------+--------+-----+--------+

Top non-repeatable levels by time:
     D:1: 198 daAuts
